← All builds
Suicide front / Armada / Factory first / OBSERVED BUILD

Standard suicide front

Armada Suicide front build order · Supreme Isthmus

The role's standard play: bot lab first, Rocketeer/Centurion/Pawn based force pushes into the middle to contest and hold it until T2 arrives.

Usually lab first (63%)

#rush #push · 1309 distinct matches · 127 players · 71% of Armada Suicide front games · team won 59% of 1550 · Recently observed

HOW TO PLAY IT

Key timing: Bot Lab by 0:20

  1. Open with mex and wind, drop Bot Lab immediately.
  2. Push out first "Centurion" as Pond's boost lands.
  3. Send "Rocketeer", "Centurion", "Pawn" mix to contest middle.
  4. Add Dragon's Teeth and Sentries to hold the line.
  5. Get Advanced Metal Extractor up as T2 nears.

Phase by phase

TYPICAL OF ITS 1309 GAMES
  1. 1
  2. 2
  3. 3
PLAY THE OPENING

Follow the example game's first 6:00 step by step: what to build now, what comes next, and where it goes. At 1× it keeps pace with your own game.

  1. 1

    Bot Lab first

    Order
    1. Bot LabBot Lab done ~0:20, middle half 0:20–0:33

    Some games also: mex (37%)

  2. 2

    Bot Lab to 5:00

    Economy
    • Metal Extractor5Mex
    • Wind Turbine4Wind
    Builders
    • Construction Bot3 Con bot
    • Lazarus2 Lazarus
    Army
    • Sentry4 Sentry
    • Rocketeer17 Rocketeer
    • Tick2 Tick
    • Centurion1 Centurion
    Other
    • Radar Tower1 Radar Tower

    Some games also: con turret (35%) · pawn (33%)

    By 5:00 in all: 5 mex · 4 wind

    The example game in this phase · 34 steps
    1. Mex
    2. TickTick ×2
    3. Mex
    4. Construction BotCon bot
    5. Wind ×2
    6. SentrySentry
    7. Construction BotCon bot
    8. Mex
    9. CenturionCenturion
    10. Mex
    11. Radar TowerRadar Tower
    12. LazarusLazarus
    13. RocketeerRocketeer ×3
    14. SentrySentry
    15. RocketeerRocketeer ×2
    16. Mex
    17. Construction BotCon bot
    18. SentrySentry
    19. RocketeerRocketeer ×4
    20. BeamerBeamer
    21. RocketeerRocketeer ×2
    22. OverwatchOverwatch
    23. RocketeerRocketeer ×2
    24. Wind
    25. RocketeerRocketeer
    26. Wind
    27. RocketeerRocketeer
    28. Con turret
    29. RocketeerRocketeer ×2
    30. Wind
    31. RocketeerRocketeer ×2
    32. GauntletGauntletdone 5:40
    33. Wind
    34. RocketeerRocketeer
  3. 3

    5:00 to 10:00

    Economy
    • Metal Extractor1Mex
    • Wind Turbine17Wind
    Builders
    • Construction Turret2 Con turret
    • Lazarus2 Lazarus
    • Construction Bot1 Con bot
    Army
    • Sentry1 Sentry
    • Rocketeer8 Rocketeer
    • Pawn1 Pawn

    Some games also: tick (47%) · Radar Tower (46%) · energy storage (46%) · centurion (45%) · Beamer (39%)

    By 10:00 in all: 6 mex · 23 wind · 1 energy storage · 3 con turret

    The example game in this phase · 110 steps
    1. Wind ×3
    2. Dragon's TeethDragon's Teeth
    3. Sneaky PeteSneaky Pete
    4. Dragon's TeethDragon's Teeth ×5
    5. Wind
    6. Dragon's TeethDragon's Teeth ×6
    7. Wind
    8. Construction BotCon bot
    9. Wind ×2
    10. Dragon's TeethDragon's Teeth ×3
    11. Wind
    12. Dragon's TeethDragon's Teeth
    13. Con turret
    14. Construction BotCon bot
    15. Dragon's TeethDragon's Teeth ×6
    16. Wind
    17. Dragon's TeethDragon's Teeth
    18. Construction BotCon bot
    19. Wind
    20. Con turret
    21. Energy storage
    22. Wind
    23. Energy storage
    24. Wind ×13
    25. Construction BotCon bot
    26. Wind ×3
    27. Converter
    28. Wind ×2
    29. Con turret
    30. Wind ×2
    31. Construction BotCon bot
    32. Converter
    33. Wind ×2
    34. Converter
    35. GauntletGauntlet
    36. Wind
    37. Converter
    38. Wind ×2
    39. Con turret
    40. Converter
    41. Wind
    42. Advanced Metal ExtractorT2 mexnot finished by 15:00 · typical 9:36
    43. Converter
    44. Wind ×3
    45. Converter
    46. Wind ×2
    47. Converter
    48. Wind
    49. Con turret
    50. Energy storage
    51. Converter
    52. Con turret
    53. Wind ×2
    54. Energy storage
    55. Advanced Metal ExtractorT2 mex
    56. Wind
    57. Converter
    58. Wind ×2
    59. Energy storage
    60. Advanced Metal ExtractorT2 mex
    61. Converter
    62. Wind
    63. Energy storage
    64. Wind ×2
    65. Energy storage
    66. Converter
    67. Energy storage
    68. Wind
    69. PulsarPulsardone 13:10
    70. Wind ×2
    71. Converter
    72. Aircraft PlantAircraft Plantdone 13:19
    73. Wind ×2
    74. Converter
    75. Wind
    76. Converter
    77. Wind ×5
    78. Advanced Metal ExtractorT2 mex
    79. Wind ×5
    80. BlinkScout plane
    81. Advanced Metal ExtractorT2 mex
    82. BlinkScout plane
    83. Wind
    84. BlinkScout plane ×3
    85. Wind ×2
    86. BlinkScout plane ×3
    87. Advanced Metal ExtractorT2 mex
    88. Wind
    89. BlinkScout plane ×2
    90. Con turret
    91. Wind ×2
    92. Con turret
    93. BlinkScout plane
    94. Con turret
    95. Fusion ReactorFusionnot finished by 15:00
    96. Con turret
    97. Wind
    98. BlinkScout plane ×4
    99. Wind
    100. BlinkScout plane
    101. Wind
    102. BlinkScout plane ×6
    103. Wind
    104. BlinkScout plane ×3
    105. Converter
    106. BlinkScout plane
    107. Wind
    108. BlinkScout plane ×3
    109. Converter
    110. BlinkScout plane ×5

Counts are medians over the build's games: half of them build more, half fewer. The example game is derkarl's (40 OS, 24/09/2026); pick another.

Team trades

IN AT LEAST 30% OF ITS GAMES

You hand over

Nothing regular.

You get

  • Tidal Generator4 Tidal from Pondfirst at 0:10 · in 69% of games
  • Advanced Construction Bot1 T2 con bot from Geo or Techfirst at 7:30 · in 59% of games

How it plays out

Typical game of this build, running totals by minute

Metal produced

010k20k30k
0:005:0010:0015:00

metal

Enemy metal destroyed

05k10k
0:005:0010:0015:00

metal

Own metal lost

05k10k
0:005:0010:0015:00

metal

1550 games.

Show as table
ByMetal produced: This buildEnemy metal destroyed: This buildOwn metal lost: This build
1:0022600
2:0088900
3:002051180106
4:003161660496
5:00424314171026
6:00543423001787
7:00667231752706
8:00792440303613
9:00931647974495
10:001069854325318
11:001225359116059
12:001410665186829
13:001622670297536
14:001809577098373
15:002043283489240
WHAT THE NUMBERS SAY

Standard suicide front play wins slightly more than half its games with fast kills but also fast losses, matching the raw grind of the role.

  • + First kill lands by 2:04 in all games
  • + Metal produced reaches 19882 by 15:00
  • − Own metal lost hits 9208 by 15:00, near metal destroyed of 8172
  • − First unit lost as early as 2:08 in every game
THE EXAMPLE YOU ARE READING

derkarl

40.0 OS · 24/09/2026

Open source match ↗

9 received units · includes a constructor
60 metal received · 78453 energy received

Allied construction assistance is unknown. Timings are observations, not a promise of solo reproducibility.

Typical milestones

Bot Lab0:20Middle 50%: 0:20–0:33 · n=1543
Advanced Metal Extractor9:36Middle 50%: 8:42–10:48 · n=1143

Played most by

_X_253games of this buildPlatinumBlonde181games of this buildXad127games of this buildImmort74games of this buildwatermeloans60games of this build